 Dungeon Crawl Stone Soup version 0.23-a0-393-g6e9e0f2 (webtiles) character file.

17933 magipi the Grappler (level 12, -2/118 HPs)
             Began as a Troll Hunter on Oct 31, 2018.
             Was a High Priest of Okawaru.
             Slain by an eight-headed hydra (3 damage)
             ... on level 1 of the Lair of Beasts.
             The game lasted 00:41:09 (10437 turns).

magipi the Grappler (Troll Hunter)                 Turns: 10437, Time: 00:41:09

Health: -2/118     AC: 11    Str: 23    XL:     12   Next: 23%
Magic:  15/15      EV:  1    Int: 11    God:    Okawaru [*****.]
Gold:   342        SH:  0    Dex: 10    Spells: 11/11 levels left

rFire    . . .     SeeInvis +     - Unarmed
rCold    . . .     Gourm    +   (no shield)
rNeg     + + +     Faith    +   q - +0 troll leather armour
rPois    ∞         Spirit   .   t - +2 hat
rElec    .         Reflect  .   B - +1 cloak
rCorr    .         Harm     .   (gloves unavailable)
MR       .....                  (boots unavailable)
Stlth    +.........             j - amulet of faith
HPRegen  1.09/turn              i - ring of see invisible
MPRegen  0.14/turn              K - +4 ring of evasion

@: petrified
A: large, unfitting armour, claws 3, fast metabolism 3, gourmand, regeneration
1, shaggy fur 1, tough skin 2
a: Heroism, Finesse, Renounce Religion


You were on level 1 of the Lair of Beasts.
You worshipped Okawaru.
Okawaru was extremely pleased with you.
You were completely stuffed.

You visited 3 branches of the dungeon, and saw 14 of its levels.

You collected 581 gold pieces.
You spent 239 gold pieces at shops.

Inventory:

Missiles
 c - 24 large rocks (quivered)
 d - 3 throwing nets
 v - 3 javelins of penetration
 C - 6 poisoned javelins
Armour
 b - a +0 robe of positive energy
   (You found it on level 9 of the Dungeon)
 q - a +0 troll leather armour (worn)
   (You found it on level 9 of the Dungeon)
 t - a +2 hat (worn)
   (You took it off Gastronok on level 8 of the Dungeon)
 B - a +1 cloak (worn)
   (You bought it in a shop on level 8 of the Dungeon)
Jewellery
 g - an uncursed ring of ice
   (You found it on level 10 of the Dungeon)
 i - a ring of see invisible (left claw)
   (You found it on level 1 of the Dungeon)
 j - an amulet of faith (around neck)
   (You found it on level 8 of the Dungeon)
 z - an uncursed ring of wizardry
   (You found it on level 8 of the Dungeon)
 K - a +4 ring of evasion (right claw)
   (You found it on level 1 of the Lair of Beasts)
Wands
 h - a wand of disintegration (13)
   (You found it on level 6 of the Dungeon)
 p - a wand of paralysis (5)
   (You found it on level 3 of the Dungeon)
 r - a wand of random effects (17)
   (You found it on level 10 of the Dungeon)
 s - a wand of enslavement (4)
   (You found it on level 7 of the Dungeon)
 w - a wand of iceblast (4)
   (You took it off a gnoll shaman on level 6 of the Dungeon)
Scrolls
 m - a scroll of magic mapping
 n - a scroll of teleportation
 o - 4 scrolls of remove curse
 u - a scroll of fear
 y - 2 scrolls of enchant weapon
 E - 3 scrolls of blinking
 J - a scroll of noise
Potions
 a - 2 potions of ambrosia
 e - a potion of magic
 k - 3 potions of brilliance
 l - 3 potions of curing
 x - 2 potions of agility
 A - 3 potions of heal wounds
 D - a potion of might {unknown}
 H - 2 potions of flight
Comestibles
 f - 21 rations
 F - 5 chunks of flesh


   Skills:
 + Level 7.3 Fighting
 * Level 6.3 Throwing
 + Level 6.1 Dodging
 - Level 0.3 Stealth
 + Level 12.0 Unarmed Combat
 - Level 6.1 Invocations
 - Level 6.0 Evocations


You had 11 spell levels left.
You didn't know any spells.
Your spell library contained the following spells:

 Spells                   Type           Power        Failure   Level  Hunger
 Freeze                   Ice            #...         38%         1    ##.....
 Sandblast                Erth           #.....       38%         1    ##.....
 Passwall                 Tmut/Erth      #.......     52%         2    ###....
 Throw Frost              Conj/Ice       #.....       52%         2    ###....
 Ozocubu's Armour         Chrm/Ice       #.......     77%         3    ####...
 Stone Arrow              Conj/Erth      #.....       77%         3    ####...
 Petrify                  Tmut/Erth      #.......     99%         4    #####..
 Summon Ice Beast         Ice/Summ       #.......     99%         4    #####..
 Throw Icicle             Conj/Ice       #.......     99%         4    #####..
 Lee's Rapid Deconstruct  Erth           #.........   100%        5    ######.


Dungeon Overview and Level Annotations

Branches:
Dungeon (12/15)            Temple (1/1) D:4            Lair (1/6) D:8
    Orc (0/2) D:12

Altars:
Dithmenos
Elyvilon
Kikubaaqudgha
Nemelex Xobeh
Okawaru
Qazlal
Ru
Uskayaw
Wu Jian
Xom
Yredelemnul
The Shining One

Shops:
D:4 :   D:6 [   D:8 [   D:11 }[((}

Annotations:
D:4 2 transporters, Menkaure
D:6 1 runed door, Ratty's ghost, amateur DsFi
Lair:1 2 runed doors, derval's ghost, novice DEAE


Innate Abilities, Weirdness & Mutations

You are too large for most types of armour.
You have claws for hands.
Your metabolism is lightning-fast.
You like to eat raw meat.
Your natural rate of healing is unusually fast.
You are covered in fur. (AC +1)
You have very tough skin. (AC +2)


Message History

The basilisk hisses angrily.
Throwing (i - inventory. (/) - cycle)
c - 28 large rocks (quivered)
Press: ? - help, Shift-Dir - straight line, f - basilisk
Aim: a basilisk You throw a large rock.
The large rock barely misses the basilisk.
You hear a roar!
The basilisk gazes at you. You resist with some effort.
The basilisk gazes at you. You resist with some effort.
Throwing (i - inventory. (/) - cycle)
c - 27 large rocks (quivered)
Press: ? - help, Shift-Dir - straight line, f/p - basilisk
Aim: a basilisk You throw a large rock.
The large rock closely misses the basilisk.
An eight-headed hydra comes into view.
Throwing (i - inventory. (/) - cycle)
c - 26 large rocks (quivered)
Press: ? - help, Shift-Dir - straight line, f/p - basilisk
Aim: a basilisk You throw a large rock.
The large rock hits the basilisk.
The basilisk is lightly wounded.
Unknown command.
Throwing (i - inventory. (/) - cycle)
c - 25 large rocks (quivered)
Press: ? - help, Shift-Dir - straight line, f/p - basilisk
Aim: a basilisk (lightly wounded)
You throw a large rock. The large rock hits the basilisk!
The basilisk is heavily wounded.
Unknown command.
The basilisk hisses menacingly.
Evoke which item? (* to show all) (? for menu, Esc to quit)
Aiming: Enslavement
Press: ? - help, Shift-Dir - straight line, f/p - basilisk
Aim: a basilisk (heavily wounded, chance to defeat MR: 64%)
The basilisk struggles to resist.
The basilisk gazes at you.
You are slowing down.
Your limbs are stiffening.
As you read the scroll of teleportation, it crumbles to dust.
You feel strangely unstable.
The eight-headed hydra barely misses you.
The eight-headed hydra bites you!
The eight-headed hydra bites you but does no damage.
The eight-headed hydra bites you.
The eight-headed hydra barely misses you.
The eight-headed hydra bites you!
The eight-headed hydra bites you but does no damage.
The eight-headed hydra bites you!
You have turned to stone.
The eight-headed hydra bites you but does no damage. x2
The eight-headed hydra bites you! The eight-headed hydra bites you. x3
The eight-headed hydra bites you! The eight-headed hydra bites you.
The eight-headed hydra completely misses you.
The eight-headed hydra bites you.
The eight-headed hydra barely misses you.
The eight-headed hydra bites you! The eight-headed hydra bites you. x2
The eight-headed hydra bites you!
The eight-headed hydra bites you but does no damage.
Your surroundings seem slightly different.
The eight-headed hydra bites you but does no damage.
The eight-headed hydra bites you! The eight-headed hydra bites you. x3
The eight-headed hydra bites you!
The eight-headed hydra bites you but does no damage.
The eight-headed hydra bites you. The eight-headed hydra bites you!
The eight-headed hydra bites you. The eight-headed hydra bites you!
The eight-headed hydra bites you. x2
The eight-headed hydra bites you but does no damage.
The eight-headed hydra bites you!
* * * LOW HITPOINT WARNING * * *
The eight-headed hydra bites you!
* * * LOW HITPOINT WARNING * * *
The eight-headed hydra bites you but does no damage.
The eight-headed hydra bites you.
* * * LOW HITPOINT WARNING * * *
The eight-headed hydra bites you.
* * * LOW HITPOINT WARNING * * *
The eight-headed hydra bites you but does no damage.
The eight-headed hydra bites you!
* * * LOW HITPOINT WARNING * * *
The eight-headed hydra bites you but does no damage. x2
The eight-headed hydra bites you!
* * * LOW HITPOINT WARNING * * *
The basilisk gazes at you. You resist with some effort.
The eight-headed hydra bites you.
The eight-headed hydra bites you but does no damage.
The eight-headed hydra bites you!
* * * LOW HITPOINT WARNING * * *
The eight-headed hydra bites you.
* * * LOW HITPOINT WARNING * * *
The eight-headed hydra bites you.
* * * LOW HITPOINT WARNING * * *
The eight-headed hydra bites you!
* * * LOW HITPOINT WARNING * * *
The eight-headed hydra bites you but does no damage.
The eight-headed hydra bites you.
* * * LOW HITPOINT WARNING * * *
The basilisk bites you.
* * * LOW HITPOINT WARNING * * *
The eight-headed hydra bites you but does no damage.
The eight-headed hydra bites you.
You die...

##.#.##...###..###..P
###..##.........P##..#
##..P.##..##..........#
####....[..#......#....#..
#....##...##........#..#..
#..#......#.........#....P
............P.............
##..............#..........
##........l@...###........#.
.....###..D.....#.....#..#..
..... #.....÷..............
..P...##.#...†.....[.......#
#......##........P....#...
#.......P..#..##.......#P).
.....P#......#.#............
......................##....
..............##. .....P...#


You could see an eight-headed hydra and a basilisk.

Vanquished Creatures
  Gastronok (D:8)
  Harold (D:8)
  Erolcha (D:10)
  A hydra (D:11)
  Erica (D:10)
  2 two-headed ogres
  An ugly thing (D:11)
  2 cyclopes (D:11)
  A manticore (D:11)
  A black mamba (Lair:1)
  A gargoyle (D:10)
  3 spiny frogs (Lair:1)
  5 trolls
  Prince Ribbit (D:7)
  2 hornets
  4 hippogriffs
  2 shadows (D:11)
  A wyvern (D:9)
  4 yaks (D:10)
  2 porcupines (Lair:1)
  Duvessa (D:5)
  5 orc warriors
  2 ice beasts
  A sky beast (D:8)
  2 necrophages
  A black bear (D:8)
  8 wolves (D:8)
  3 phantoms
  5 ogres
  3 crocodiles
  9 bullfrogs
  Dowan (D:5)
  2 scorpions (D:8)
  8 killer bees
  7 wights
  5 howler monkeys
  An electric eel (D:7)
  3 crimson imps
  2 jellies
  2 centaur zombies
  3 orc priests
  5 hounds
  A gnoll shaman (D:6)
  A bullfrog skeleton (D:6)
  2 iguanas
  6 worker ants
  9 orc wizards
  A killer bee zombie (D:8)
  A howler monkey zombie (D:8)
  A worker ant zombie (D:9)
  10 adders
  7 gnolls
  2 shadow imps
  2 adder zombies
  A worm (D:4)
  A dart slug (D:4)
  7 leopard geckos
  49 orcs
  4 bats
  2 giant cockroaches
  5 goblins
  3 hobgoblins
  6 jackals
  2 kobolds (D:1)
  4 quokkas
  A ball python (D:1)
  2 frilled lizards (D:3)
  2 jackal skeletons
  A jackal zombie (D:6)
  A leopard gecko zombie (D:5)
  A quokka skeleton (D:5)
  6 rats
257 creatures vanquished.

Vanquished Creatures (collateral kills)
  An ice beast (D:9)
  An orc warrior (D:11)
  A hornet zombie (D:9)
  2 orc priests (D:11)
  A worker ant (D:11)
  3 orcs (D:11)
9 creatures vanquished.

Vanquished Creatures (others)
  A fungus (D:8)
1 creature vanquished.

Grand Total: 267 creatures vanquished

Notes
Turn   | Place    | Note
-------+----------+-------------------------------------------
     0 | D:1      | magipi the Troll Hunter began the quest for the Orb.
     0 | D:1      | Reached XP level 1. HP: 19/19 MP: 0/0
   157 | D:1      | Reached skill level 1 in Unarmed Combat
   161 | D:1      | Reached XP level 2. HP: 22/28 MP: 1/1
   701 | D:2      | Found a hide-covered altar of Uskayaw.
   701 | D:2      | Found a faded altar of an unknown god.
   707 | D:2      | Found a glowing golden altar of the Shining One.
   709 | D:2      | Found a faded altar of an unknown god.
   710 | D:2      | Found a shadowy altar of Dithmenos.
  1150 | D:2      | Reached XP level 3. HP: 32/35 MP: 2/2
  1289 | D:3      | Reached skill level 2 in Unarmed Combat
  1327 | D:3      | Reached XP level 4. HP: 26/42 MP: 3/3
  1431 | D:3      | Found an ornate altar of the Wu Jian Council.
  1544 | D:3      | Found a stormy altar of Qazlal.
  1758 | D:3      | Found a white marble altar of Elyvilon.
  2188 | D:4      | Found a staircase to the Ecumenical Temple.
  2196 | Temple   | Entered the Ecumenical Temple
  2223 | Temple   | Became a worshipper of Warmaster Okawaru
  2267 | D:4      | Found Caschoj's Book Shoppe.
  2295 | D:4      | Reached skill level 3 in Unarmed Combat
  2378 | D:4      | Reached XP level 5. HP: 29/50 MP: 4/4
  2423 | D:4      | Found a transporter.
  2423 | D:4      | Found a basalt altar of Yredelemnul.
  2424 | D:4      | Found a transporter.
  2424 | D:4      | Found a sparkling altar of Nemelex Xobeh.
  2439 | D:4      | Noticed Menkaure
  2493 | D:4      | Found an ancient bone altar of Kikubaaqudgha.
  2768 | D:5      | Entered Level 5 of the Dungeon
  2828 | D:4      | Reached skill level 4 in Unarmed Combat
  2899 | D:4      | Reached XP level 6. HP: 59/59 MP: 5/5
  3345 | D:5      | Noticed an ice beast
  3403 | D:5      | Killed an ice beast
  3495 | D:5      | Noticed Duvessa
  3499 | D:5      | Noticed Dowan
  3509 | D:5      | Killed Duvessa
  3509 | D:5      | Reached * piety under Okawaru
  3509 | D:5      | Reached skill level 5 in Throwing
  3509 | D:5      | Reached skill level 5 in Unarmed Combat
  3509 | D:5      | Reached XP level 7. HP: 44/67 MP: 6/6
  3513 | D:5      | Killed Dowan
  3777 | D:6      | Reached skill level 6 in Unarmed Combat
  3787 | D:6      | Found Biad's Antique Armour Shoppe.
  3855 | D:6      | Reached ** piety under Okawaru
  4124 | D:6      | Reached XP level 8. HP: 66/78 MP: 7/7
  4261 | D:6      | Found a runed door.
  4266 | D:6      | Noticed Ratty's ghost (amateur DsFi)
  4396 | D:6      | Reached skill level 1 in Invocations
  4448 | D:6      | Reached skill level 1 in Evocations
  4449 | D:6      | Reached skill level 7 in Unarmed Combat
  4624 | D:7      | Noticed Prince Ribbit
  4651 | D:7      | Killed Prince Ribbit
  5042 | D:7      | Noticed a hippogriff
  5045 | D:7      | Killed a hippogriff
  5045 | D:7      | Reached *** piety under Okawaru
  5045 | D:7      | Reached XP level 9. HP: 84/84 MP: 10/10
  5107 | D:7      | Found a shimmering altar of Xom.
  5584 | D:8      | Received a gift from Okawaru
  5584 | D:8      | Reached skill level 8 in Unarmed Combat
  5763 | D:8      | Noticed Harold
  5844 | D:8      | Killed Harold
  5844 | D:8      | Reached **** piety under Okawaru
  5844 | D:8      | Reached skill level 5 in Invocations
  5956 | D:8      | Reached skill level 9 in Unarmed Combat
  6031 | D:8      | Noticed Gastronok
  6094 | D:8      | Killed Gastronok
  6094 | D:8      | Reached skill level 5 in Evocations
  6094 | D:8      | Reached XP level 10. HP: 36/93 MP: 11/13
  6228 | D:8      | Found a staircase to the Lair.
  6437 | D:8      | Received a gift from Okawaru
  6455 | D:8      | Found Moruc's Antique Armour Shoppe.
  6517 | D:8      | Reached skill level 10 in Unarmed Combat
  6693 | D:8      | Bought a cloak for 81 gold pieces
  6693 | D:8      | Bought an embroidered robe for 66 gold pieces
  7235 | D:9      | Noticed a two-headed ogre
  7303 | D:9      | Killed a two-headed ogre
  7303 | D:9      | Received a gift from Okawaru
  7812 | D:9      | Reached ***** piety under Okawaru
  8028 | D:10     | Entered Level 10 of the Dungeon
  8040 | D:10     | Reached skill level 5 in Fighting
  8044 | D:10     | Reached XP level 11. HP: 95/102 MP: 11/14
  8148 | D:10     | Noticed Erica
  8166 | D:10     | Killed Erica
  8468 | D:10     | Noticed Erolcha
  8473 | D:10     | Killed Erolcha
  8473 | D:10     | Received a gift from Okawaru
  8725 | D:11     | Found Lini Ara's Gadget Emporium.
  8748 | D:11     | Reached skill level 11 in Unarmed Combat
  8828 | D:11     | Found Lutanome's Gadget Shoppe.
  8878 | D:11     | Noticed a two-headed ogre
  8880 | D:11     | Received a gift from Okawaru
  8884 | D:11     | Killed a two-headed ogre
  8955 | D:11     | Found Xoem's Weapon Shoppe.
  9027 | D:11     | Noticed a four-headed hydra
  9037 | D:11     | Killed a four-headed hydra
  9037 | D:11     | Reached skill level 5 in Dodging
  9052 | D:11     | Received a gift from Okawaru
  9053 | D:11     | Found the +3 hat of Pondering {ponderous, MR+ MP+10 Int+5}
  9522 | D:11     | Found Qavuagient's Weapon Boutique.
  9567 | D:11     | Found Ubittokh's Antique Armour Shoppe.
  9576 | D:11     | Bought a glowing robe for 92 gold pieces
  9602 | D:11     | Noticed a brown ugly thing
  9607 | D:11     | Killed a brown ugly thing
  9714 | D:11     | Reached XP level 12. HP: 110/118 MP: 15/15
  9945 | D:12     | Found a staircase to the Orcish Mines.
 10030 | D:12     | Noticed a death knight
 10126 | Lair:1   | Entered Level 1 of the Lair of Beasts
 10271 | Lair:1   | Found a large runed door.
 10271 | Lair:1   | Found a large runed door.
 10283 | Lair:1   | Noticed derval's ghost (novice DEAE)
 10365 | Lair:1   | Reached skill level 12 in Unarmed Combat
 10422 | Lair:1   | Noticed an eight-headed hydra
 10436 | Lair:1   | HP: 2/118 [eight-headed hydra (4)]
 10437 | Lair:1   | Slain by an eight-headed hydra

Vault maps used:
D:1:      tarquinn_simple_flora_water_f
D:2:      chequers_temple_overflow_minitemple, serial_glass, glass_columns_b,
          glass_columns_a, glass_columns_b, glass_columns_b
D:3:      old_standard_altar, overflow_temple_1_default, old_standard_altar
D:4:      gammafunk_temple_of_torment, nemelex_xobeh_ov_fountains_minmay,
          temple_statues, first_ration, serial_shops, nicolae_shop_stone
D:5:      uniq_menkaure, uniq_duvessa
D:6:      ebering_ghost_reflecting_pool, serial_shops, shop, grunt_ministairs_6
D:7:      kennysheep_mini_moat, serial_rivers, chequers_serial_rivers_room_b,
          chequers_serial_rivers_micro_e, chequers_serial_rivers_room_a,
          chequers_serial_rivers_large_a, chequers_serial_rivers_small_a,
          lightli_minifort, uniq_prince_ribbit1
D:8:      grunt_lair_entry_orc_guard_hut, serial_shops, nicolae_shop_waterfront,
          uniq_gastronok, uniq_harold
D:10:     uniq_erolcha, uniq_erica
D:11:     serial_shops, nicolae_shop_behind_doors, shop_fountains, shop, shop,
          nicolae_shop_stone
D:12:     david_orc_2, basic_altar, minivault_7
Temple:   minmay_temple_forest_path
Lair:1:   ebering_ghost_disaster_area

Skill      XL: |  1  2  3  4  5  6  7  8  9 10 11 12 |
---------------+-------------------------------------+-----
Unarmed Combat | 1 2 3 4 5 6 7 9 10 11 12 | 12.0
Fighting       | 2 3 4 5 7 |  7.3
Throwing       | 4 5 6 |  6.3
Invocations    | 3 6 |  6.1
Evocations     | 2 5 6 |  6.0
Dodging        | 3 5 6 |  6.1
Stealth        | |  0.3

Action                   |  1- 3 |  4- 6 |  7- 9 | 10-12 || total
-------------------------+-------+-------+-------+-------++-------
Melee: Unarmed           |    88 |   150 |   210 |   366 ||   814
       Punch             |     1 |     1 |     5 |    17 ||    24
Throw: Large rock        |       |     4 |    15 |    31 ||    50
Invok: Heroism           |       |       |    10 |    16 ||    26
Evoke: Wand              |       |       |     4 |    11 ||    15
  Use: Scroll            |       |    10 |     3 |    15 ||    28
       Potion            |       |     1 |     3 |       ||     4
 Stab: Paralysed         |       |       |       |     8 ||     8
  Eat: Chunk             |    15 |    21 |    25 |    40 ||   101
Armor: Robe              |    36 |    40 |    34 |    34 ||   144
       Skin              |       |       |    11 |       ||    11
       Troll leather arm |       |       |       |    99 ||    99
Dodge: Dodged            |    39 |    67 |    79 |   200 ||   385

Table legend:
 A = Non-vault XP
 B = Vault XP
 C = Vault XP percentage of total XP
 D = Non-vault monster count
 E = Vault monster count
 F = Vault count percentage of total count
                 A         B        C        D         E       F
            +---------+---------+-------+---------+---------+-------
      Total |   19259 |    6360 |  24.8 |     241 |      25 |   9.4
            +---------+---------+-------+---------+---------+-------
        D:1 |      30 |       0 |   0.0 |      17 |       0 |   0.0
        D:2 |      13 |       0 |   0.0 |       6 |       0 |   0.0
        D:3 |     107 |       0 |   0.0 |      15 |       0 |   0.0
        D:4 |     263 |       0 |   0.0 |      22 |       0 |   0.0
        D:5 |     231 |     220 |  48.8 |      14 |       2 |  12.5
        D:6 |     932 |     122 |  11.6 |      29 |       2 |   6.5
        D:7 |     724 |     494 |  40.6 |      12 |       6 |  33.3
        D:8 |    2431 |    3558 |  59.4 |      30 |       7 |  18.9
        D:9 |    2392 |       0 |   0.0 |      18 |       0 |   0.0
       D:10 |    1948 |    1948 |  50.0 |      16 |       2 |  11.1
       D:11 |    7934 |       0 |   0.0 |      51 |       0 |   0.0
       D:12 |     137 |      18 |  11.6 |       3 |       6 |  66.7
     Lair:1 |    2117 |       0 |   0.0 |       8 |       0 |   0.0
            +---------+---------+-------+---------+---------+-------

Action                   |  1- 3 |  4- 6 |  7- 9 | 10-12 || total
-------------------------+-------+-------+-------+-------++-------
Melee: Unarmed           |    88 |   150 |   210 |   366 ||   814
       Punch             |     1 |     1 |     5 |    17 ||    24
Throw: Large rock        |       |     4 |    15 |    31 ||    50
Invok: Heroism           |       |       |    10 |    16 ||    26
Evoke: Wand              |       |       |     4 |    11 ||    15
  Use: Scroll            |       |    10 |     3 |    15 ||    28
       Potion            |       |     1 |     3 |       ||     4
 Stab: Paralysed         |       |       |       |     8 ||     8
  Eat: Chunk             |    15 |    21 |    25 |    40 ||   101
Armor: Robe              |    36 |    40 |    34 |    34 ||   144
       Skin              |       |       |    11 |       ||    11
       Troll leather arm |       |       |       |    99 ||    99
Dodge: Dodged            |    39 |    67 |    79 |   200 ||   385
